Map: Prion Terraces

Players

viOLet - Winner!

  • Race: Zerg Zerg
  • League: Grandmaster

JJAKJI

  • Race: Terran Terran

VOD

Have the link to the VOD?

Description

Time

  • Played on: Dec. 14, 2015, 5:35 p.m.
  • Length: 13:16
Show
View Real Time Build Order
Export as new Build Order

viOLet Zerg - Winner!

Build Orders: Hatch First 

Get SALT Encoding   

  12  0:00  Drone  
  13  0:12  Overlord  
  13  0:17  Drone  
  14  0:30  Drone  
  14  0:31  Drone  
  14  0:35  Drone  
  17  0:52  Hatchery  
  17  0:55  Drone  
  17  0:57  Drone  
  18  1:05  Extractor  
  18  1:07  Drone  
  18  1:17  Spawning Pool  
  17  1:18  Drone  
  18  1:29  Drone  
  19  1:39  Drone  
  20  1:50  Overlord  
  20  2:02  Overlord  
  20  2:03  Queen x2  
  24  2:08  Drone  
  24  2:12  Drone  
  27  2:15  Drone  
  27  2:22  Drone  
  28  2:25  Drone  
  29  2:33  Roach Warren, Drone  
  29  2:38  Drone, Extractor  
  29  2:44  Drone  
  30  2:46  Drone  
  31  2:53  Overlord  
  31  3:02  Overlord  
  31  3:15  Roach x4  
  31  3:16  Roach  
  31  3:18  Drone x3  
  44  3:34  Drone x2  
  46  3:35  Ravager  
  46  3:36  Ravager x3  
  46  3:37  Drone, Overlord  
  51  3:47  Overlord  
  51  3:51  Drone  
  51  3:53  Lair  
  51  3:54  Overlord  
  52  3:58  Drone x2  
  52  3:59  Drone  
  55  4:12  Overlord  
  55  4:15  Hatchery  
  54  4:17  Drone x2  
  56  4:29  Drone x2  
  56  4:30  Drone x2  
  57  4:34  Queen, Extractor  
  57  4:35  Extractor  
  57  4:37  Drone  
  53  4:41  Drone x2  
  53  4:42  Metabolic Boost  
  52  4:47  Drone x2  
  52  4:50  Spore Crawler  
  50  4:54  Spire  
  50  4:58  Spore Crawler  
  48  5:03  Roach x2  
  48  5:05  Roach  
  54  5:12  Overseer  
  54  5:20  Drone x5  
  54  5:21  Overlord  
  59  5:24  Drone  
  60  5:32  Overlord  
  60  5:33  Drone x2  
  60  5:34  Drone  
  63  5:37  Queen  
  63  5:40  Drone x2  
  63  5:41  Drone  
  68  5:49  Evolution Chamber  
  67  5:52  Evolution Chamber, Drone  
  67  5:53  Drone x2  
  67  5:54  Drone  
  70  6:02  Roach x2  
  70  6:03  Roach x2  
  78  6:04  Overseer  
  78  6:06  Glial Reconstitution  
  74  6:22  Drone x7  
  74  6:23  Drone  
  78  6:27  Zerg Missile Weapons Level 1, Zerg Ground Armor Level 1  
  78  6:32  Drone x2  
  80  6:38  Overlord x3  
  80  6:52  Extractor  
  80  6:53  Extractor  
  78  6:55  Hatchery  
  78  6:58  Drone x4  
  78  6:59  Drone x2  
  78  7:00  Roach x5  
  93  7:08  Queen  
  93  7:13  Corruptor  
  93  7:14  Corruptor x2  
  101  7:16  Corruptor  
  101  7:19  Corruptor  
  105  7:25  Corruptor  
  105  7:28  Roach x3  
  113  7:32  Overlord  
  113  7:33  Overlord  
  113  7:38  Overlord x2  
  113  7:44  Spore Crawler  
  112  7:47  Ravager x2  
  114  7:56  Overlord x4  
  114  8:00  Roach x7  
  128  8:07  Ravager x7  
  135  8:16  Roach x6  
  147  8:22  Queen  
  147  8:25  Ravager x2  
  151  8:38  Roach x7  
  151  8:39  Roach x2  
  169  8:46  Ravager  
  170  8:51  Ravager  
  170  8:52  Zergling x8  
  170  8:53  Zergling x16  
  130  9:17  Roach x3  
  130  9:18  Roach x9  
  130  9:23  Roach  
  137  9:25  Spore Crawler  
  137  9:26  Roach  
  137  9:28  Ravager x3  
  137  9:29  Ravager  
  137  9:31  Roach x2, Zergling x4  
  137  9:32  Zergling x8  
  135  9:41  Zergling x4  
  114  9:55  Queen  
  110  10:00  Zergling x32  
  110  10:01  Zerg Ground Armor Level 2  
  110  10:04  Ravager x2  
  127  10:14  Ravager x2  
  129  10:19  Roach x3  
  129  10:20  Roach  
  137  10:25  Extractor  
  128  10:40  Roach x4  
  130  10:43  Roach  
  130  10:44  Roach x4  
  136  10:53  Roach x8  
  144  11:01  Roach  
  127  11:06  Roach x10  
  128  11:26  Corruptor x3  
  126  11:34  Drone x6  
  119  11:51  Corruptor x3  
  125  11:55  Drone x3  
  128  12:06  Roach x2  
  128  12:07  Roach x7  
  128  12:08  Hatchery  
  145  12:11  Roach x2  
  149  12:21  Ravager x2  
  151  12:24  Drone x3  
  151  12:26  Extractor  
  153  12:30  Spawning Pool  
  153  12:34  Ravager x2  
  140  12:44  Roach  
  140  12:45  Roach x6  
  147  12:49  Drone x2  
Show
View Real Time Build Order
Export as new Build Order

JJAKJI Terran 

Build Orders: Bio Tank, Hellion Banshee, MMM Bio 

Get SALT Encoding   

  12  0:00  SCV  
  13  0:13  SCV  
  14  0:17  Supply Depot  
  14  0:25  SCV  
  15  0:38  SCV  
  15  0:40  Barracks  
  16  0:50  SCV  
  16  0:52  Refinery  
  17  1:02  SCV  
  18  1:14  SCV  
  19  1:27  Orbital Command, Marine  
  20  1:38  Command Center  
  20  1:45  Marine  
  21  1:48  Supply Depot  
  21  1:53  SCV  
  22  2:03  Factory  
  22  2:06  SCV  
  23  2:13  Barracks Reactor  
  23  2:18  SCV  
  24  2:24  Refinery  
  24  2:30  SCV  
  25  2:43  SCV  
  26  2:51  Starport  
  26  2:52  Orbital Command  
  26  2:55  SCV  
  26  2:57  Hellion x2  
  31  3:01  Barracks Tech Lab  
  31  3:07  SCV, Supply Depot  
  32  3:18  Hellion x2  
  32  3:19  SCV x2  
  38  3:31  SCV  
  39  3:36  Banshee  
  39  3:41  Barracks Tech Lab  
  42  3:42  Hellion x2  
  42  3:43  SCV x2  
  48  3:51  Cloaking Field, Bunker  
  46  3:57  Bunker  
  46  4:10  SCV  
  46  4:11  Supply Depot  
  46  4:13  Siege Tank  
  49  4:19  Marine x2  
  51  4:32  Banshee  
  51  4:43  SCV, Orbital Command  
  52  4:52  Marine x2  
  53  4:55  SCV  
  53  4:58  Supply Depot  
  55  5:01  Command Center  
  55  5:09  SCV  
  55  5:10  SCV  
  60  5:22  SCV  
  60  5:23  SCV  
  60  5:24  Starport Reactor  
  60  5:26  Supply Depot  
  60  5:27  Marine  
  63  5:29  Stimpack  
  63  5:35  SCV x2  
  65  5:41  Barracks  
  65  5:42  Barracks  
  65  5:45  Marine  
  65  5:47  SCV x2  
  65  5:49  Engineering Bay  
  65  5:50  Engineering Bay  
  65  5:53  Factory Reactor  
  65  6:00  SCV x2  
  67  6:04  Barracks  
  67  6:05  Barracks  
  67  6:12  SCV x2  
  67  6:16  Terran Infantry Weapons Level 1, Terran Infantry Armor Level 1  
  67  6:17  Orbital Command  
  69  6:24  Marauder  
  68  6:30  Bunker  
  68  6:31  Supply Depot  
  68  6:33  Marine x2  
  68  6:36  Missile Turret x2  
  68  6:38  Medivac  
  72  6:40  Medivac  
  72  6:45  Siege Tank  
  77  6:48  Refinery  
  77  6:52  Refinery  
  77  6:53  Orbital Command  
  77  6:55  Barracks Reactor  
  77  6:56  Marine x4  
  77  6:58  Barracks Reactor  
  77  6:59  Marine  
  82  7:04  SCV x2  
  84  7:14  Marine x4  
  88  7:17  Marine  
  88  7:18  Siege Tank  
  93  7:22  SCV  
  93  7:23  SCV  
  93  7:29  SCV  
  95  7:31  Marine  
  95  7:32  Marine x2  
  95  7:35  SCV x2  
  95  7:36  Armory, Combat Shields  
  100  7:37  Supply Depot  
  100  7:40  Supply Depot, Marine  
  101  7:53  Marauder  
  101  7:59  SCV, Marine x7  
  101  8:01  Siege Tank, Marine  
  101  8:04  Medivac  
  115  8:08  SCV x2  
  117  8:13  Supply Depot  
  117  8:15  Refinery  
  117  8:16  Refinery  
  117  8:18  Supply Depot  
  117  8:22  Missile Turret  
  117  8:25  Terran Infantry Weapons Level 2  
  117  8:34  SCV x2, Medivac, Marine x4  
  117  8:38  SCV  
  117  8:40  Marauder, Marine x4  
  131  8:50  SCV  
  131  8:52  Marine  
  133  8:59  Marine  
  133  9:00  Marine x4  
  133  9:01  Supply Depot, Siege Tank, Marine x2  
  133  9:02  Supply Depot x2, Marauder  
  110  9:10  Marine  
  96  9:17  Marine  
  96  9:18  Medivac x2, Marine x4  
  96  9:19  Marine x2  
  96  9:24  Marauder  
  97  9:27  Marine  
  90  9:33  Siege Tank  
  90  9:35  Marine  
  90  9:36  SCV, Marine x2  
  89  9:41  Orbital Command  
  89  9:45  Marauder  
  91  9:48  Medivac x2, Marine x2  
  94  9:56  Terran Infantry Armor Level 2  
  93  10:06  Marauder  
  95  10:17  Command Center  
  95  10:21  Marine x5  
  95  10:22  Marine x3  
  95  10:28  Siege Tank, Marauder  
  104  10:39  Marine x4  
  104  10:40  Marine  
  90  10:48  Marine x3  
  90  10:49  Marauder  
  90  10:56  SCV  
  78  10:57  Marine x2  
  66  11:06  Orbital Command  
  66  11:10  Marauder  
  62  11:12  Marine x2  
  62  11:22  SCV  
  53  11:33  Marauder  
  52  11:42  Marine  
  53  11:51  Marine x2  
  55  11:54  Marine  
  55  11:58  SCV  
  57  12:03  Marine  
  58  12:10  Marine x4  
  58  12:13  Marine  
  63  12:18  Marine x3  
  63  12:21  Marine  
  67  12:27  Marine  
  67  12:28  Marine x2  
  70  12:30  Marine  
  70  12:31  Marine  
  70  12:36  Marine  
  73  12:38  Marine x2  
  52  12:45  Marine x2  
  52  12:46  Marine x2  
  52  12:47  Marine  
Tags
 
Add a new tag
Caveats
  • Supply blocks, unpowered buildings, or Contaminate may cause inaccurate times.
  • Supply counts are checked every 10 seconds.